 Dungeon Crawl Stone Soup version 0.31.0-1-g2c135a0 (webtiles) character file.

Game seed: 17345359570183273357

70 Minorbread the Trooper (level 4, -2/49 HPs)
             Began as an Oni Gladiator on Feb 12, 2024.
             Slain by a hobgoblin (4 damage)
             ... on level 3 of the Dungeon.
             The game lasted 00:04:31 (1737 turns).

Minorbread the Trooper (Oni Gladiator)              Turns: 1737, Time: 00:04:32

Health: -2/49      AC:  3    Str: 20    XL:     4   Next: 21%
Magic:  4/4        EV: 10    Int:  9    God:
Gold:   136        SH:  0    Dex: 10    Spells: 3/3 levels left

rFire   . . .        a - +0 flail
rCold   . . .        (no shield)
rNeg    . . .        b - +0 robe
rPois   .            c - +0 hat
rElec   .            f - scarf {shadows}
rCorr   .            (gloves unavailable)
SInv    .            (boots unavailable)
Will    .....        (no amulet)
Stlth   +            (no ring)
HPRegen 0.28/turn    (no ring)
MPRegen 0.09/turn

%: no passive effects
@: no status effects
A: large, unfitting armour, horns 1, tough skin 1, double potion healing,
drunken brawling, hooves 1, inability to drink after injury 1
a: no special abilities


You were on level 3 of the Dungeon.
You visited 1 branch of the dungeon, and saw 3 of its levels.

You collected 136 gold pieces.

Inventory:

Hand Weapons
 a - a +0 flail (weapon)
Missiles
 d - 2 throwing nets (quivered)
 e - a large rock
Armour
 b - a +0 robe (worn)
 c - a +0 hat (worn)
 f - a scarf of shadows (worn)
Scrolls
 h - a scroll of identify {unknown}
 i - 2 scrolls of poison {unknown}
 k - a scroll of amnesia {unknown}
 l - 3 scrolls of teleportation {unknown}
 n - a scroll of revelation {unknown}
 p - a scroll of butterflies {unknown}
Potions
 g - a potion of might {unknown}
 j - a potion of mutation
 m - a potion of heal wounds {unknown}
 o - 2 potions of curing {unknown}


   Skills:
 + Level 4.5 Fighting
 + Level 4.1 Maces & Flails
 - Level 2.0 Throwing
 - Level 2.6 Dodging


You had 3 spell levels left.
You didn't know any spells.
Your spell library contained the following spells:

 Spells                   Type           Power      Damage    Failure   Level
 Sting                    Conj/Alch      0%         1d3       38%         1
 Mercury Vapours          Alch/Air       0%         N/A       52%         2
 Olgreb's Toxic Radiance  Alch           0%         N/A       99%         4


Dungeon Overview and Level Annotations

Branches:
Dungeon (3/15)

Altars:


Innate Abilities, Weirdness & Mutations

You are too large for most types of armour.
You have a pair of small horns on your head.
You have tough skin. (AC +1)
You gain doubled healing and magic from potions.
Whenever you drink a healing potion, you attack all around you.
You have large cloven feet.
You occasionally lose the ability to drink potions when taking damage.


Message History

The orc priest is heavily wounded.
The jackal bites you.
The jackal bites you but does no damage. x2
The jackal barely misses you. The orc priest barely misses you.
The hobgoblin barely misses you.
You sock the orc priest!
The orc priest is almost dead.
The jackal misses you.
The jackal bites you but does no damage.
The hobgoblin hits you. The orc priest barely misses you.
The jackal bites you. x2
You barely miss the orc priest.
The orc priest is almost dead.
The jackal bites you but does no damage. x2
The hobgoblin hits you.
You hit the orc priest but do no damage.
Your headbutt misses the orc priest. You punch the orc priest.
The orc priest is almost dead.
The jackal bites you but does no damage.
The jackal bites you.
The hobgoblin hits you but does no damage.
The orc priest barely misses you. The jackal bites you.
The jackal closely misses you.
You hit the orc priest but do no damage.
Your headbutt misses the orc priest.
The orc priest is almost dead.
The hobgoblin barely misses you.
The jackal bites you but does no damage.
The jackal bites you. The jackal completely misses you.
The kobold hits you but does no damage. The orc priest hits you with a +0 whip.
The orc priest casts a cantrip, but nothing happens.
The hobgoblin hits you.
It was a potion of mutation.
You feel extremely strange.
You occasionally lose the ability to drink potions when taking damage.
Your feet thicken and deform.
The jackal barely misses you. The jackal bites you. x2
The orc priest calls down the wrath of Beogh upon you.
Beogh smites you!
* * * LOW HITPOINT WARNING * * *
The hobgoblin hits you.
You die...

#...## #.# ......
###..# #.###.#....
#..#####.##........
#.....##.#.........[
#.###.##.#)..#......
#>###..#.#..........
#............#o......
##........))##o#...##
#.#.........@hh.....
#..........Kgh......
##..................
...##..##.###.......
.#. #.#...# ##......
#...### .....# ...
...... .# ..


You could see 2 orc priests, 3 jackals, a hobgoblin and a kobold.

Vanquished Creatures
  Terence (D:2)
  An adder (D:2)
  A ribbon worm (D:2)
  3 orcs (D:3)
  4 bats
  2 endoplasms
  4 hobgoblins
  2 quokkas (D:1)
  5 frilled lizards
  3 goblins
  4 kobolds
30 creatures vanquished.

Notes
Turn   | Place    | Note
-------+----------+-------------------------------------------
     0 | D:1      | Minorbread the Oni Gladiator began the quest for the Orb.
     0 | D:1      | Reached XP level 1. HP: 22/22 MP: 1/1
   275 | D:1      | Reached XP level 2. HP: 31/31 MP: 2/2
   868 | D:2      | Found a faded altar of an unknown god.
   914 | D:2      | Reached XP level 3. HP: 31/39 MP: 3/3
  1343 | D:2      | Noticed Terence
  1352 | D:2      | Killed Terence
  1353 | D:2      | Reached XP level 4. HP: 49/49 MP: 4/4
  1737 | D:3      | Gained mutation: You occasionally lose the ability to drink
                  | potions when taking damage. [potion of mutation]
  1737 | D:3      | Gained mutation: You have large cloven feet. [potion of
                  | mutation]
  1737 | D:3      | HP: 2/49 [orc priest/divine providence (14)]
  1737 | D:3      | Slain by a hobgoblin

Illustrated notes

Levels and vault maps discovered:
D:1:      sevenhm_arrival_forest_fort_small_6, layout_basic, solitary_fountain,
          minmay_tromino_v4_c
D:2:      layout_basic, basic_ecumenical_altar, serial_rivers,
          chequers_serial_rivers_large_b, chequers_serial_rivers_marsh,
          chequers_serial_rivers_micro_a, chequers_serial_rivers_micro_e,
          chequers_serial_rivers_micro_b, chequers_serial_rivers_room_a,
          chequers_serial_rivers_micro_b, uniq_terence
D:3:      layout_rooms, nicolae_overflow_two_pavilions

Skill      XL: |  1  2  3 |
---------------+----------+-----
Fighting       | 3 4 |  4.5
Maces & Flails | 4 |  4.1
Throwing       | |  2.0
Dodging        | |  2.6

Action                     |  1- 3 |  4- 6 || total
---------------------------+-------+-------++-------
  Melee: Flail             |    62 |    25 ||    87
         Headbutt          |     6 |     1 ||     7
         Punch             |     1 |     1 ||     2
  Throw: Throwing net      |     2 |       ||     2
    Use: Potion            |       |     1 ||     1
   Stab: Sleeping          |     1 |       ||     1
         Held in net/web   |     1 |       ||     1
 Armour: Robe              |    40 |    50 ||    90
  Dodge: Dodged            |    25 |    20 ||    45
